 Dungeon Crawl Stone Soup version 0.31-a0-408-gb642c7f9a3 (webtiles) character file.

Game seed: 6258430987842060162

177 pokeman the Magician (level 5, -6/29 HPs)
             Began as a Deep Elf Hedge Wizard on July 29, 2023.
             Killed by divine providence
             ... invoked by an orc priest
              (10 damage)
             ... on level 4 of the Dungeon.
             The game lasted 00:05:45 (3572 turns).

pokeman the Magician (Deep Elf Hedge Wizard)        Turns: 3572, Time: 00:05:46

Health: -6/29      AC:  3    Str:  7    XL:     5   Next: 30%
Magic:  5/15       EV: 13    Int: 21    God:
Gold:   161        SH:  0    Dex: 14    Spells: 8/16 levels left

rFire   . . .        v - +1 mace (drain)
rCold   . . .        (no shield)
rNeg    . . .        b - +0 robe
rPois   .            c - +0 hat
rElec   .            (no cloak)
rCorr   .            o - +0 pair of gloves
SInv    .            (no boots)
Will    .....        (no amulet)
Stlth   ++           (no ring)
HPRegen 0.24/turn    (no ring)
MPRegen 0.14/turn

%: no passive effects
@: very slightly contaminated
A: no striking features
a: no special abilities


You were on level 4 of the Dungeon.
You visited 1 branch of the dungeon, and saw 4 of its levels.

You collected 161 gold pieces.

Inventory:

Hand Weapons
 v - a +1 mace of draining (weapon)
Armour
 b - a +0 robe (worn)
 c - a +0 hat (worn)
 o - a +0 pair of gloves (worn)
 u - the +1 scale mail "Xaystr Meguy" {+Inv Slay+5}
   (You found it on level 3 of the Dungeon)

   Slay:      It affects your accuracy & damage with ranged weapons and melee
   (+5).
   +Inv:      It lets you turn invisible.
Jewellery
 e - a ring of positive energy
Wands
 n - a wand of polymorph (9)
 t - a wand of flame (15)
Scrolls
 a - a scroll of teleportation {unknown}
 h - a scroll of poison {unknown}
 j - a scroll of fear {unknown}
 k - a scroll of identify {unknown}
 m - a scroll of noise {unknown}
 p - a scroll of vulnerability {unknown}
 q - a scroll of acquirement {unknown}
 w - a scroll of fog {unknown}
Potions
 d - a potion of magic
 f - 2 potions of attraction {unknown}
 g - 3 potions of heal wounds {unknown}
 i - 2 potions of might {unknown}
 l - a potion of curing {unknown}
 r - a potion of enlightenment {unknown}
 s - a potion of haste {unknown}


   Skills:
 - Level 1.0 Fighting
 - Level 1.0 Armour
 - Level 3.0 Dodging
 - Level 3.0 Stealth
 * Level 6.2 Spellcasting
 + Level 2.7 Conjurations
 - Level 1.1 Summonings
 - Level 1.1 Translocations
 + Level 0.1 Air Magic
 + Level 0.2 Poison Magic
 + Level 0.5 Evocations


You had 8 spell levels left.
You knew the following spells:

 Your Spells              Type           Power      Damage    Failure   Level
a - Magic Dart            Conj           68%        1d6       3%          1
b - Mephitic Cloud        Conj/Pois/Air  10%        N/A       19%         3
c - Call Imp              Summ           22%        N/A       10%         2
d - Blink                 Tloc           22%        N/A       10%         2

Your spell library contained the following spells:

 Spells                   Type           Power      Damage    Failure   Level
 Apportation              Tloc           22%        N/A       6%          1
 Slow                     Hex            24%        N/A       10%         1
 Cigotuvi's Dreadful Rot  Necr/Pois/Air  14%        N/A       14%         2
 Dispel Undead            Necr           6%         3d8       67%         4
 Alistair's Intoxication  Tmut/Pois      4%         N/A       95%         5
 Death Channel            Necr           3%         N/A       100%        6


Dungeon Overview and Level Annotations

Branches:
Dungeon (4/15)             Temple (0/1) D:4

Altars:

Shops:
D:2 (


Message History

Aiming: Mephitic Cloud (quite dangerous; 19% risk of failure)
Press: ? - help, Shift-Dir - straight line, p - bush You miscast Mephitic Cloud.
You are very lightly contaminated with residual magic.
Nothing appears to happen.
Unknown command.
Casting: Mephitic Cloud (quite dangerous; 19% risk of failure)
Confirm with . or Enter, or press ? or * to list all spells.
You can't see any susceptible monsters within range! (Use Z to cast anyway.)
There are monsters nearby!
Press: ? - help, v - describe, . - travel
Here: an orc priest, wielding a +0 hand axe and wearing a +0 leather armour of poison resistance The floor.
Unknown command.
Unknown command.
You closely miss the orc priest. The orc priest misses you.
An orc comes into view. It is wielding a +0 dagger.
The orc hits the bush but does no damage.
The orc shouts!
You hit the orc priest.
The orc priest is lightly wounded.
You hear a shout!
The orc priest calls down the wrath of Beogh upon you.
Beogh smites you!
* * * LOW HITPOINT WARNING * * *
An orc comes into view. It is wielding a +0 short sword.
The orc priest completely misses you.
The orc moves out of view.
An orc wizard comes into view. It is wielding a +0 dagger of draining.
Casting: Mephitic Cloud (quite dangerous; 19% risk of failure)
Confirm with . or Enter, or press ? or * to list all spells.
A tiny devil pulls itself out of the air.
The orc priest hits you with a +0 hand axe.
* * * LOW HITPOINT WARNING * * *
Unknown command.
Your cerulean imp hits the orc priest from afar with a -3 spear.
Your cerulean imp hits the orc priest with a -3 spear.
Your cerulean imp closely misses the orc priest.
The orc priest invokes the aid of Beogh against you.
Beogh smites you!
You die...

#### ..# ###.#
#5..#######
#.o.......#
#.#.#####.#
#.....#.#.###.#
...P...##@#.....#
##.P..)...#.#####
..oo>..####.#
...o... #...#
#....P. #.#######
#.#.... #.......#
# ########.####
.........#
######.#.#


You could see an orc priest, an orc wizard and 2 orcs.

Vanquished Creatures
  An electric eel (D:3)
  2 gnolls (D:3)
  4 adders
  A worm (D:2)
  A dart slug (D:1)
  7 ball pythons
  4 endoplasms
  2 giant cockroaches
  5 goblins
  7 hobgoblins
  4 jackals (D:1)
  4 kobolds
  5 quokkas
  4 bats
  2 frilled lizards
  2 rats
55 creatures vanquished.

Vanquished Creatures (collateral kills)
  A sleepcap (D:4)
  2 worms (D:2)
3 creatures vanquished.

Vanquished Creatures (others)
  An electric eel (D:3)
1 creature vanquished.

Grand Total: 59 creatures vanquished

Notes
Turn   | Place    | Note
-------+----------+-------------------------------------------
     0 | D:1      | pokeman the Deep Elf Hedge Wizard began the quest for the
                  | Orb.
     0 | D:1      | Reached XP level 1. HP: 10/10 MP: 7/7
    79 | D:1      | You fall into a shaft and drop 1 floor!
    98 | D:2      | Reached XP level 2. HP: 16/16 MP: 6/9
   362 | D:1      | Reached skill level 5 in Spellcasting
   891 | D:2      | Reached XP level 3. HP: 20/20 MP: 8/11
   900 | D:2      | Learned a level 3 spell: Mephitic Cloud
   903 | D:2      | Learned a level 2 spell: Call Imp
   906 | D:2      | Learned a level 2 spell: Blink
  1329 | D:2      | Found Etrod's Antique Weapon Shoppe.
  1471 | D:2      | Reached skill level 1 in Fighting
  1471 | D:2      | Reached skill level 1 in Armour
  1807 | D:2      | Found a faded altar of an unknown god.
  2207 | D:3      | Reached XP level 4. HP: 3/25 MP: 1/13
  2406 | D:3      | Found a transporter.
  2748 | D:3      | Found a transporter.
  3117 | D:3      | Identified the +1 scale mail "Xaystr Meguy" {+Inv Slay+5}
  3274 | D:4      | Reached skill level 6 in Spellcasting
  3274 | D:4      | Reached XP level 5. HP: 21/29 MP: 3/15
  3558 | D:4      | Found a staircase to the Ecumenical Temple.
  3572 | D:4      | Killed from afar by an orc priest

Illustrated notes

Levels and vault maps discovered:
D:1:      scummos_arrival_simple_crosswalls, layout_basic,
          minmay_misc_feat_four_crosses
D:2:      layout_loops_corners, serial_shops, shop,
          hellmonk_ecumenical_altar_prayer_group
D:3:      gammafunk_steamed_eel, layout_basic
D:4:      layout_basic, minmay_temple_entry_overgrown

Skill      XL: |  1  2  3  4 |
---------------+-------------+-----
Spellcasting   | 5 6 |  6.2
Fighting       | 1 |  1.0
Armour         | 1 |  1.0
Conjurations   | 2 |  2.7
Stealth        | 3 |  3.0
Dodging        | 3 |  3.0
Summonings     | |  1.1
Translocations | |  1.1
Air Magic      | |  0.1
Poison Magic   | |  0.2
Evocations     | |  0.5

Action                     |  1- 3 |  4- 6 || total
---------------------------+-------+-------++-------
  Melee: Dagger            |    23 |    13 ||    36
         Mace              |       |     4 ||     4
   Cast: Magic Dart        |    72 |    56 ||   128
         Call Imp          |     4 |     2 ||     6
         Mephitic Cloud    |     3 |     7 ||    10
   Stab: Sleeping          |     2 |       ||     2
         Confused          |     3 |       ||     3
 Armour: Robe              |     9 |     5 ||    14
  Dodge: Dodged            |    14 |    12 ||    26

Table legend: (Time is in decaauts)
 A = Elapsed time spent in this place.
 B = Non-inter-level travel time spent in this place.
 C = Inter-level travel time spent in this place.
 D = Time resting spent in this place.
 E = Time spent auto-exploring this place.
 F = Levels seen in this place.
 G = Mean time per level.
                   A        B        C        D        E       F      G
               +--------+--------+--------+--------+--------+-----+--------+
         Total |   3572 |   3473 |     99 |    141 |   2886 |   4 |  893.0 |
       Dungeon |   3572 |   3473 |     99 |    141 |   2886 |   4 |  893.0 |
               +--------+--------+--------+--------+--------+-----+--------+

Top non-repeatable levels by time:
     D:2: 1290 daAuts
     D:3: 1020 daAuts
     D:1: 821 daAuts
     D:4: 438 daAuts
